 Dungeon Crawl Stone Soup version 0.32-a0-163-g159c032296 (webtiles) character file.

Game seed: 8050818042454474085

56454 croobank the Fencer (level 14, -6/110 HPs)
             Began as a Demigod Summoner on Feb 11, 2024.
             Mangled by a two-headed ogre
             ... wielding a +0 giant spiked club
              (20 damage)
             ... on level 11 of the Dungeon.
             The game lasted 01:08:37 (21494 turns).

croobank the Fencer (Demigod Summoner)             Turns: 21494, Time: 01:08:38

Health: -6/110     AC: 12    Str: 13    XL:     14   Next: 8%
Magic:  25/27      EV: 19    Int: 29    God:
Gold:   962        SH:  0    Dex: 14    Spells: 8/25 levels left

rFire   . . .        O - +5 great sword of the Muttering Hero {flame, Will+ rCorr}
rCold   . . .        (shield currently unavailable)
rNeg    . . .        I - +0 troll leather armour
rPois   .            V - +2 helmet {SInv}
rElec   .            v - +1 cloak
rCorr   +            A - +0 pair of gloves
SInv    +            h - +2 pair of boots {Fly}
Will    ++...        (no amulet)
Stlth   +++          g - +5 ring of evasion
HPRegen 1.18/turn    m - ring of resist corrosion
MPRegen 0.20/turn

%: no passive effects
@: flying, studying Axes
A: high MP 1, forlorn, divine attributes
a: no special abilities


You were on level 11 of the Dungeon.
You visited 2 branches of the dungeon, and saw 16 of its levels.
You also visited: Gauntlet.

You collected 962 gold pieces.

Inventory:

Hand Weapons
 y - a +4 short sword of venom
 B - the +4 rapier of the Assorted Ghosts {holy, rN+ Str+3 Int+2}
   (You found it in a Gauntlet)

   Str+3:     It affects your strength (+3).
   Int+2:     It affects your intelligence (+2).
   rN+:       It protects you from negative energy.
 M - a +3 hand axe
 N - a +4 scimitar of protection
 O - the +5 great sword of the Muttering Hero (weapon) {flame, Will+ rCorr}
   (You took it off an orc on level 9 of the Dungeon)

   Will+:     It increases your willpower.
   rCorr:     It protects you from acid and corrosion.
 Q - a +2 trident of draining
Missiles
 f - 26 poisoned darts
 D - 12 silver javelins
 F - 2 curare-tipped darts
 R - 5 darts of dispersal
Armour
 h - a +2 pair of boots of flying (worn)
 v - a +1 cloak (worn)
 x - the +2 robe of Feasting {Stlth+}
   (You found it in a Gauntlet)

   Stlth+:    It makes you more stealthy.
 A - a +0 pair of gloves (worn)
 I - a +0 troll leather armour (worn)
 L - a +0 robe of willpower
 T - a +2 robe of cold resistance
 V - a +2 helmet of see invisible (worn)
Jewellery
 a - a ring of poison resistance
 g - a +5 ring of evasion (left hand)
 m - a ring of resist corrosion (right hand)
 n - a ring of magical power
 o - a ring of fire
 K - the ring "Etudeadi" {rF+ rN++ MP+9 Int-2}
   (You found it on level 1 of the Lair of Beasts)

   [ring of protection from fire]

   Int-2:     It affects your intelligence (-2).
   rF+:       It protects you from fire.
   rN++:      It greatly protects you from negative energy.
   MP+9:      It affects your magic capacity (+9).
 X - a ring of ice
Wands
 c - a wand of mindburst (11)
 i - a wand of flame (37)
 t - a wand of paralysis (11)
 E - a wand of digging (11)
 J - a wand of roots (6)
 P - a wand of light (18)
Scrolls
 p - a scroll of vulnerability
 s - a scroll of enchant weapon
 G - 2 scrolls of fear
 H - a scroll of immolation
 W - a scroll of torment
 Z - 2 scrolls of poison
Potions
 b - a potion of magic
 d - 3 potions of enlightenment
 e - 5 potions of brilliance
 j - 5 potions of attraction
 r - 3 potions of haste
 u - 2 potions of ambrosia
 w - a potion of berserk rage
 z - 5 potions of might
 C - 8 potions of curing
 S - 3 potions of lignification {unknown}
 Y - a potion of mutation {unknown}
Miscellaneous
 k - a condenser vane
 q - a lightning rod (4/4)
 U - a phial of floods


   Skills:
 + Level 6.2 Fighting
 - Level 18.7 Long Blades
 - Level 1.2 Axes
 + Level 0.5 Armour
 + Level 6.6 Dodging
 + Level 7.0 Stealth
 + Level 6.0 Spellcasting
 + Level 0.5 Conjurations
 - Level 7.1 Summonings
 - Level 5.0 Fire Magic
 + Level 5.3 Air Magic
 + Level 0.7 Alchemy


You had 8 spell levels left.
You knew the following spells:

 Your Spells              Type           Power      Damage    Failure   Level
a - Summon Small Mammal   Summ           100%       N/A       1%          1
b - Call Imp              Summ           100%       N/A       1%          2
c - Call Canine Familiar  Summ           50%        N/A       1%          3
d - Summon Blazeheart Go  Fire/Summ      44%        N/A       6%          4
e - Summon Lightning Spi  Summ/Air       45%        N/A       5%          4
f - Mephitic Cloud        Conj/Alch/Air  21%        N/A       9%          3

Your spell library contained the following spells:

 Spells                   Type           Power      Damage    Failure   Level
 Swiftness                Air            39%        N/A       2%          3
 Mercury Vapours          Alch/Air       52%        N/A       3%          2
 Cigotuvi's Dreadful Rot  Necr/Alch/Air  40%        N/A       4%          2
 Sting                    Conj/Alch      48%        1d6       5%          1
 Volatile Blastmotes      Fire/Tloc      46%        2d13      8%          3
 Ensorcelled Hibernation  Hex/Ice        16%        N/A       11%         2
 Lesser Beckoning         Tloc           16%        N/A       11%         2
 Sublimation of Blood     Necr           8%         N/A       11%         2
 Animate Armour           Summ/Erth      58%        N/A       16%         4
 Martyr's Knell           Necr/Summ      29%        N/A       16%         4
 Dazzling Flash           Conj/Hex       20%        N/A       19%         3
 Stone Arrow              Conj/Erth      20%        3d8       19%         3
 Gell's Gravitas          Tloc           8%         N/A       22%         3
 Passwall                 Erth           8%         N/A       22%         3
 Teleport Other           Tloc           8%         N/A       22%         3
 Ignite Poison            Fire/Alch      25%        N/A       22%         4
 Sticky Flame             Fire/Alch      25%        2d6       22%         4
 Olgreb's Toxic Radiance  Alch           13%        N/A       45%         4
 Petrify                  Alch/Erth      10%        N/A       52%         4
 Silence                  Hex/Air        12%        N/A       54%         5
 Dispel Undead            Necr           8%         3d8       56%         4
 Freezing Cloud           Conj/Ice/Air   10%        6-21      65%         5
 Alistair's Intoxication  Alch           8%         N/A       82%         5
 Irradiate                Conj/Alch      6%         3d13      83%         5
 Borgnjor's Vile Clutch   Necr/Erth      4%         N/A       89%         5
 Curse of Agony           Necr           8%         N/A       89%         5
 Starburst                Conj/Fire      12%        6d5       98%         6
 Death Channel            Necr           4%         N/A       100%        6
 Eringya's Noxious Bog    Alch           6%         4d6       100%        6
 Orb of Destruction       Conj           5%         9d5       100%        7
 Spellforged Servitor     Conj/Summ      15%        N/A       100%        7
 Ignition                 Fire           18%        3d7       100%        8
 Lehudib's Crystal Spear  Conj/Erth      5%         10d3      100%        8
 Maxwell's Capacitive Co  Air            19%        ∞         100%        8


Dungeon Overview and Level Annotations

Branches:
Dungeon (11/15)            Temple (0/1) D:7            Lair (5/5) D:8
 Shoals (0/4) Lair:3       Spider (0/4) Lair:2        Slime (0/5) Lair:4
    Orc (0/2) D:9         Gauntlet (visited)

Portals:
Abyss: Lair:1

Annotations:
D:4 1 transporter, bakla's ghost, amateur HuEE
Lair:1 2 transporters, mooti9's ghost, journeyman MiFi


Innate Abilities, Weirdness & Mutations

You have an increased reservoir of magic. (+10% MP)
You shall have no god before yourself.
Your divine heritage dramatically boosts your attributes as you level up.


Message History

You miss the killer bee. The killer bee misses you. The ufetubus hits you.
The ufetubus closely misses you. The killer bee barely misses you.
The two-headed ogre completely misses you. x2
The white imp gestures at you.
The puff of frost hits you but does no damage.
You closely miss the killer bee. The ufetubus barely misses you. x2
The white imp completely misses you. The killer bee misses you.
You slash the killer bee! You burn the killer bee.
You kill the killer bee!
The ufetubus barely misses you.
The ufetubus hits you but does no damage.
The orc wizard casts a spell.
The orc wizard flickers and vanishes for a moment.
The white imp hits you but does no damage.
The white imp gestures at you. The puff of frost hits you.
You slash the white imp! You burn the white imp.
You kill the white imp!
The ufetubus slips past you! The ufetubus misses you.
The ufetubus closely misses you. The two-headed ogre misses you.
The two-headed ogre hits you with a +0 dire flail!
The white imp gestures at you. The puff of frost hits you!
The white imp closely misses you.
You hit the white imp but do no damage. The white imp barely misses you.
The two-headed ogre hits you with a +0 giant spiked club!
* * * LOW HITPOINT WARNING * * *
The two-headed ogre misses you.
The orc priest calls down the wrath of Beogh upon you.
Beogh smites you!
* * * LOW HITPOINT WARNING * * *
You closely miss the white imp. The white imp barely misses you.
You hit the white imp. You burn the white imp.
The white imp is heavily wounded.
The white imp misses you. The white imp gestures at you.
The puff of frost hits you!
* * * LOW HITPOINT WARNING * * *
The white imp completely misses you.
The two-headed ogre hits you with a +0 giant spiked club!!
You die...

## #.# #.# #.# #.## ###
### ###.## ...#
#.###..##†#######
.....##.......##@55...##
....#......###5O55....##
..#.....###ZYooZ.....##
##.......#............#
#...<.##..........##..#
#...##.........##†.9#
#<†..#..........>I.##
##.†.#.##.......#.y..#
##.†..##.......##...#


You could see a two-headed ogre, a yak, an orc priest, an orc wizard
(invisible), 4 white imps, 2 centaur warrior simulacra and an ufetubus.

Vanquished Creatures
  A minotaur (Gauntlet)
  3 hydras
  Fannar (Lair:2)
  A hell beast (Gauntlet)
  3 catoblepae (Lair:5)
  A two-headed ogre (D:8)
  8 death yaks
  Nergalle (Lair:1)
  A skyshark (Lair:5)
  An obsidian statue (Lair:1)
  The ghost of GibletGobbler the Shield-Bearer, a novice MiFi of Nemelex Xobeh (D:5)
  3 manticores
  7 black mambas
  9 elephants
  5 cane toads
  A minotaur zombie (Gauntlet)
  6 komodo dragons
  Jeremiah (Lair:1)
  2 trolls
  A queen bee (Gauntlet)
  6 polar bears
  6 blink frogs
  A snapping turtle (Lair:3)
  A water elemental (Lair:3)
  4 wyverns
  70 yaks
  A basilisk (Lair:3)
  An acid dragon (Gauntlet)
  3 orc warriors
  10 water moccasins
  2 black bears
  11 wolves
  3 centaurs
  A phantom (D:6)
  A nameless horror (D:11)
  A kobold brigand (D:7)
  8 bullfrogs
  A gnoll sergeant (D:10)
  A scorpion (D:7)
  3 wights
  14 killer bees
  2 howler monkeys (D:9)
  5 electric eels
  2 bullfrog zombies (D:6)
  7 orc priests
  A hound (D:6)
  Crazy Yiuf (D:4)
  A gnoll bouda (D:10)
  An iguana (D:6)
  7 gnolls (D:10)
  A howler monkey skeleton (D:6)
  An adder (D:5)
  6 white imps (D:11)
  A dart slug (D:2)
  25 orcs
  2 bats
  3 goblins
  A hobgoblin (D:2)
  3 kobolds
  2 ball pythons
  A frilled lizard (D:2)
  A rat (D:1)
280 creatures vanquished.

Vanquished Creatures (collateral kills)
  A hydra (Lair:5)
  A catoblepas (Lair:3)
  3 death yaks (Lair:5)
  A lindwurm (Lair:5)
  2 oklob plants
  2 black mambas
  2 elephants
  2 cane toads
  A rime drake (Lair:5)
  A komodo dragon (Lair:3)
  5 dream sheep (Lair:5)
  4 blink frogs
  3 wyverns
  12 yaks
  2 basilisks
  Menkaure (D:7)
  An acid dragon (Gauntlet)
  10 water moccasins
  A black bear (D:6)
  An orc warrior (D:6)
  An ogre (D:4)
  3 wolves
  A centaur (D:8)
  A phantom (D:6)
  3 kobold brigands
  8 bullfrogs
  2 scorpions
  5 wights
  3 killer bees
  5 howler monkeys
  3 bombardier beetles
  A bullfrog zombie (D:6)
  11 jellies
  A hound (D:5)
  A centaur skeleton (D:6)
  4 orc priests
  An iguana (D:4)
  4 orc wizards
  Robin (D:2)
  6 adders
  2 ufetubi (D:7)
  2 dart slugs
  2 ribbon worms (D:2)
  21 orcs
  11 endoplasms
  5 giant cockroaches
  13 goblins
  4 hobgoblins
  4 jackals (D:2)
  25 kobolds
  5 quokkas
  9 ball pythons
  3 bats (D:1)
  3 frilled lizards (D:1)
  2 rats (D:1)
232 creatures vanquished.

Vanquished Creatures (others)
  100 blazeheart cores
100 creatures vanquished.

Grand Total: 612 creatures vanquished

Notes
Turn   | Place    | Note
-------+----------+-------------------------------------------
     0 | D:1      | croobank the Demigod Summoner began the quest for the Orb.
     0 | D:1      | Reached XP level 1. HP: 14/14 MP: 5/5
   515 | D:1      | Reached XP level 2. HP: 20/20 MP: 4/7
   519 | D:1      | Learned a level 2 spell: Call Imp
  1453 | D:2      | Reached XP level 3. HP: 27/27 MP: 3/8
  1461 | D:2      | Learned a level 3 spell: Call Canine Familiar
  1614 | D:2      | Reached skill level 1 in Fighting
  1775 | D:2      | Noticed Robin
  1780 | D:2      | Killed Robin
  2076 | D:2      | Reached XP level 4. HP: 35/35 MP: 10/10
  3155 | D:3      | Reached XP level 5. HP: 41/41 MP: 6/11
  3910 | D:4      | Noticed bakla's ghost (amateur HuEE)
  3913 | D:4      | Identified the +8 dire flail "Ustrurogi" {elec, Will+ MP+9}
  3913 | D:4      | Noticed an ogre
  3914 | D:4      | Noticed an ogre
  3915 | D:4      | Noticed an ogre
  3935 | D:4      | Found a transporter.
  3983 | D:4      | Noticed an ogre
  3992 | D:4      | Killed an ogre
  3993 | D:4      | Reached XP level 6. HP: 48/48 MP: 7/13
  3998 | D:4      | Learned a level 4 spell: Summon Blazeheart Golem
  4132 | D:4      | Found a runed translucent door.
  4133 | D:4      | Noticed Crazy Yiuf
  4142 | D:4      | Killed Crazy Yiuf
  4674 | D:5      | Entered Level 5 of the Dungeon
  4681 | D:5      | Reached skill level 1 in Fire Magic
  4796 | D:5      | Noticed a water moccasin
  4807 | D:5      | Killed a water moccasin
  4808 | D:5      | Reached XP level 7. HP: 56/56 MP: 11/15
  5228 | D:5      | Found a runed translucent door.
  5253 | D:5      | Noticed GibletGobbler's ghost (novice MiFi)
  5290 | D:5      | Killed GibletGobbler's ghost
  5291 | D:5      | Reached skill level 5 in Summonings
  6276 | D:6      | Reached XP level 8. HP: 63/63 MP: 9/17
  7427 | D:6      | Reached skill level 5 in Stealth
  7946 | D:7      | Reached XP level 9. HP: 71/71 MP: 6/19
  8000 | D:7      | Noticed Menkaure
  8011 | D:7      | Killed Menkaure
  8012 | D:7      | Reached skill level 5 in Fire Magic
  8255 | D:7      | Found a staircase to the Ecumenical Temple.
  8621 | D:7      | Reached skill level 5 in Dodging
  8763 | D:7      | Learned a level 4 spell: Summon Lightning Spire
  9535 | D:8      | Reached skill level 1 in Air Magic
  9620 | D:8      | Reached skill level 5 in Spellcasting
  9721 | D:8      | Reached skill level 5 in Fighting
  9914 | D:8      | Noticed a cane toad
  9926 | D:8      | Killed a cane toad
 10060 | D:8      | Found a staircase to the Lair.
 10108 | D:8      | Noticed a death yak
 10125 | D:8      | Killed a death yak
 10126 | D:8      | Reached XP level 10. HP: 81/81 MP: 15/21
 10545 | D:8      | Noticed a two-headed ogre
 10552 | D:8      | Killed a two-headed ogre
 10609 | D:8      | Reached skill level 5 in Air Magic
 11575 | D:9      | Reached skill level 1 in Axes
 11754 | D:9      | Identified the +5 great sword of the Muttering Hero {flame,
                  | Will+ rCorr}
 11812 | D:9      | Found a staircase to the Orcish Mines.
 12126 | D:10     | Entered Level 10 of the Dungeon
 12197 | D:10     | Reached skill level 1 in Long Blades
 12234 | D:10     | Reached skill level 2 in Long Blades
 12504 | D:10     | Reached XP level 11. HP: 86/89 MP: 23/23
 12701 | D:10     | Reached skill level 3 in Long Blades
 13089 | Lair:1   | Entered Level 1 of the Lair of Beasts
 13253 | Lair:1   | Reached skill level 4 in Long Blades
 13269 | Lair:1   | Noticed Jeremiah
 13283 | Lair:1   | Killed Jeremiah
 13284 | Lair:1   | Reached skill level 5 in Long Blades
 13577 | Lair:1   | Found a transporter.
 13579 | Lair:1   | Noticed mooti9's ghost (journeyman MiFi)
 13580 | Lair:1   | Found a one-way gate to the infinite horrors of the Abyss.
 13643 | Lair:1   | Noticed Nergalle
 13655 | Lair:1   | Killed Nergalle
 13713 | Lair:1   | Reached skill level 6 in Long Blades
 13845 | Lair:1   | Found a transporter.
 13889 | Lair:1   | Reached skill level 7 in Long Blades
 13903 | Lair:1   | Reached skill level 8 in Long Blades
 14286 | Lair:1   | Noticed a sun demon
 14524 | Lair:2   | Reached skill level 9 in Long Blades
 14775 | Lair:2   | Noticed Fannar
 14808 | Lair:2   | Reached skill level 10 in Long Blades
 14819 | Lair:2   | Reached XP level 12. HP: 96/96 MP: 18/25
 15195 | Lair:2   | Killed Fannar
 15196 | Lair:2   | Reached skill level 11 in Long Blades
 15382 | Lair:2   | Found a hole to the Spider Nest.
 15796 | Lair:3   | Found a staircase to the Shoals.
 15814 | Lair:3   | Reached skill level 12 in Long Blades
 15900 | Lair:3   | Noticed a catoblepas
 15906 | Lair:3   | Noticed a five-headed hydra
 15924 | Lair:3   | Killed a catoblepas
 15927 | Lair:3   | Killed a five-headed hydra
 16131 | Lair:3   | Reached skill level 13 in Long Blades
 16838 | Lair:4   | Noticed a four-headed hydra
 16851 | Lair:4   | Killed a one-headed hydra
 16876 | Lair:4   | Found a gate leading to a gauntlet.
 16910 | Gauntlet | Entered a Gauntlet
 16910 | Gauntlet | Found a transporter.
 16918 | Gauntlet | Found a transporter.
 16919 | Gauntlet | Found a transporter.
 16934 | Gauntlet | Found a transporter.
 16936 | Gauntlet | Found a transporter.
 16940 | Gauntlet | Noticed a balrug
 16946 | Gauntlet | Found a transporter.
 16961 | Gauntlet | Found a transporter.
 16961 | Gauntlet | Noticed a hell beast
 16970 | Gauntlet | Found a runed translucent gate.
 16971 | Gauntlet | Found a transporter.
 16971 | Gauntlet | Found a runed translucent gate.
 16972 | Gauntlet | Found a runed translucent gate.
 16975 | Gauntlet | Found a transporter.
 16975 | Gauntlet | Found a transporter.
 16988 | Gauntlet | Found a transporter.
 16990 | Gauntlet | Found a transporter.
 17070 | Gauntlet | Learned a level 3 spell: Mephitic Cloud
 17074 | Gauntlet | Identified the +4 rapier of the Assorted Ghosts {holy, rN+
                  | Str+3 Int+2}
 17230 | Gauntlet | Killed a hell beast
 17231 | Gauntlet | Reached skill level 14 in Long Blades
 17231 | Gauntlet | Reached XP level 13. HP: 42/102 MP: 8/26
 17346 | Gauntlet | Noticed a minotaur
 17370 | Gauntlet | Killed a minotaur
 17433 | Gauntlet | Identified the +2 robe of Feasting {Stlth+}
 17526 | Lair:4   | Found the +6 arbalest "Damnation" {damnation}
 17888 | Lair:4   | Found a staircase to the Slime Pits.
 18214 | Lair:5   | Entered Level 5 of the Lair of Beasts
 18253 | Lair:5   | Reached skill level 15 in Long Blades
 18450 | Lair:5   | Reached skill level 16 in Long Blades
 18776 | Lair:5   | Reached skill level 17 in Long Blades
 20075 | Lair:5   | Reached skill level 18 in Long Blades
 20629 | Lair:5   | Reached XP level 14. HP: 94/110 MP: 12/27
 21224 | Lair:1   | Identified the ring "Etudeadi" {rF+ rN++ MP+9 Int-2}
 21494 | D:11     | Mangled by a two-headed ogre

Illustrated notes

Levels and vault maps discovered:
D:1:      minmay_arrival_open_corners, layout_basic,
          shapermc_ecumenical_altar_ellora
D:2:      layout_loops_ring, dreamdust_princess_bridge, grunt_ministairs_6,
          uniq_robin
D:3:      layout_basic
D:4:      layout_basic, gammafunk_ghost_smash, kennysheep_generic_room_10,
          uniq_crazy_yiuf_cottage
D:5:      layout_layer_cave, ebering_ghost_reflecting_pool
D:6:      layout_basic, portal_sewer_entry_f, serial_undead, serial_undead_e,
          serial_undead_b, serial_undead_e, serial_undead_b, serial_undead_f,
          serial_undead_c
D:7:      nicolae_cairo_tiling, layout_layer_cave,
          minmay_temple_entry_drinking_statues, dreamdust_princess_corridor,
          uniq_menkaure
D:8:      layout_basic, dpeg_lair_monsters, chequers_garden
D:9:      layout_basic, nicolae_overflow_macrodata_refinement,
          hiddenorc2_lemuel, amcnicky_mini_pool_small, st_stairs_1
D:10:     layout_loops_corners
D:11:     layout_cave_pools, serial_ice, serial_ice_h, serial_ice_n,
          serial_ice_d, serial_ice_c, portal_ice_cave_entry_imps,
          nicolae_gozag_seed_capital, uniq_gastronok
Lair:1:   statuecave_lemuel, layout_loops_ring, gammafunk_ghost_abyssal_escape,
          uniq_nergalle, uniq_jeremiah
Lair:2:   layout_regular_city, spider_nest_entry_web_field, grunt_megastairs_2,
          uniq_fannar
Lair:3:   layout_gridlike, minmay_shoals_entry_hut, grunt_forest_large_clearings
Lair:4:   layout_long_grid, minmay_slime_entry_jelly_boxes,
          gauntlet_entry_generic
Lair:5:   evilmike_catoblepas_cave, layout_small_grid, serial_bayou_shore_b,
          serial_bayou_shore_a

Skill      XL: |  1  2  3  4  5  6  7  8  9 10 11 12 13 14 |
---------------+-------------------------------------------+-----
Stealth        | 2 3 4 5 6 7 |  7.0
Dodging        | 2 3 4 5 6 |  6.6
Spellcasting   | 2 3 4 5 6 |  6.0
Fighting       | 1 2 3 4 5 6 |  6.2
Summonings     | 4 5 6 7 |  7.1
Fire Magic     | 1 3 4 5 |  5.0
Air Magic      | 3 5 |  5.3
Axes           | 1 |  1.2
Long Blades    | 2 10 14 18 | 18.7
Armour         | |  0.5
Conjurations   | |  0.5
Alchemy        | |  0.7

Action                     |  1- 3 |  4- 6 |  7- 9 | 10-12 | 13-15 || total
---------------------------+-------+-------+-------+-------+-------++-------
  Melee: Unarmed           |     5 |       |       |       |       ||     5
         Dagger            |    14 |    53 |    36 |    22 |       ||   125
         Great sword       |       |       |       |   320 |   160 ||   480
   Cast: Summon Small Mamm |    48 |    36 |    23 |    10 |     4 ||   121
         Call Imp          |    18 |    26 |    15 |     7 |     3 ||    69
         Call Canine Famil |     4 |    14 |    16 |     6 |     4 ||    44
         Summon Blazeheart |       |     3 |    25 |    64 |    55 ||   147
         Summon Lightning  |       |       |     2 |    14 |    20 ||    36
         Mephitic Cloud    |       |       |       |     1 |     1 ||     2
  Evoke: Wand              |       |       |       |     2 |     6 ||     8
    Use: Scroll            |       |     2 |    10 |    12 |    10 ||    34
         Potion            |       |       |       |     1 |     2 ||     3
   Stab: Sleeping          |     3 |     1 |     4 |     8 |     4 ||    20
         Distracted        |       |       |     1 |     1 |     2 ||     4
 Armour: Robe              |    12 |    25 |    44 |    10 |       ||    91
         Troll leather arm |       |       |       |   268 |   161 ||   429
  Dodge: Dodged            |    25 |    50 |   109 |   533 |   235 ||   952

Table legend: (Time is in decaauts)
 A = Elapsed time spent in this place.
 B = Non-inter-level travel time spent in this place.
 C = Inter-level travel time spent in this place.
 D = Time resting spent in this place.
 E = Time spent auto-exploring this place.
 F = Levels seen in this place.
 G = Mean time per level.
                   A        B        C        D        E       F      G
               +--------+--------+--------+--------+--------+-----+--------+
         Total |  21586 |  20875 |    711 |   4547 |  11464 |  17 | 1269.8 |
       Dungeon |  13365 |  12960 |    405 |   2615 |   7830 |  11 | 1215.0 |
          Lair |   7657 |   7351 |    306 |   1748 |   3620 |   5 | 1531.4 |
      Gauntlet |    563 |    563 |      0 |    183 |     13 |   1 |  563.0 |
               +--------+--------+--------+--------+--------+-----+--------+

Top non-repeatable levels by time:
  Lair:5: 2793 daAuts
     D:5: 1937 daAuts
     D:8: 1824 daAuts
     D:7: 1621 daAuts
  Lair:1: 1473 daAuts
     D:1: 1368 daAuts
     D:6: 1302 daAuts
     D:2: 1255 daAuts
  Lair:3: 1234 daAuts
  Lair:2: 1223 daAuts
     D:3: 1059 daAuts
     D:4: 988 daAuts
    D:10: 978 daAuts
  Lair:4: 931 daAuts
     D:9: 892 daAuts
